 Dungeon Crawl Stone Soup version 0.24.0-123-gd5b16e6ec5 (webtiles) character file.

Game seed: 2657203814281562686, levelgen mode: deterministic

8647 Mesmaeker13 the Destroyer (level 11, 0/73 (74) HPs)
             Began as a Black Draconian Earth Elementalist on Jan 8, 2020.
             Killed themself with a bounced zap (1 damage)
             ... on level 10 of the Dungeon.
             The game lasted 00:25:37 (13221 turns).

Mesmaeker13 the Destroyer (DrEE)                   Turns: 13221, Time: 00:25:38

HP:   0/73 (74)     AC: 10    Str: 12    XL:     11   Next: 12%
MP:   4/24          EV: 17    Int: 18    God:
Gold: 379           SH:  5    Dex: 13    Spells: 10/16 levels left

rFire    . . .     SeeInvis +   w - +1 mace "Hiyc" {flame, rN+ Str+2 SInv}
rCold    . . .     Gourm    .   s - +0 buckler
rNeg     + . .     Faith    .   (armour unavailable)
rPois    .         Spirit   .   (helmet restricted)
rElec    +         Reflect  .   g - +0 cloak
rCorr    .         Harm     .   q - +0 pair of gloves
MR       +....                  k - +0 pair of boots
Stlth    ++........             (no amulet)
HPRegen  0.22/turn              D - ring of protection from magic
MPRegen  0.19/turn              p - ring of magical power

@: no status effects
A: breathe lightning, unfitting armour, electricity resistance, cold-blooded, AC
+7
a: Breathe Lightning


You were on level 10 of the Dungeon.
You were hungry.

You visited 2 branches of the dungeon, and saw 11 of its levels.

You collected 433 gold pieces.
You spent 54 gold pieces at shops.

Inventory:

Hand Weapons
 t - a +0 trident
 w - the +1 mace "Hiyc" (weapon) {flame, rN+ Str+2 SInv}
   (You found it on level 5 of the Dungeon)

   It has been specially enchanted to burn those struck by it, causing extra
   injury to most foes and up to half again as much damage against particularly
   susceptible opponents.
   It affects your strength (+2).
   It protects you from negative energy.
   It lets you see invisible.
Missiles
 b - 68 stones (quivered)
 u - 6 poisoned darts
Armour
 g - a +0 cloak (worn)
 k - a +0 pair of boots (worn)
 q - a +0 pair of gloves (worn)
 s - a +0 buckler (worn)
Jewellery
 e - an uncursed ring of resist corrosion
 o - an uncursed ring of wizardry
 p - a ring of magical power (right hand)
 D - a ring of protection from magic (left hand)
 I - an uncursed ring of see invisible {unknown}
Wands
 A - a wand of random effects (18)
Scrolls
 d - 3 scrolls of enchant weapon
 i - 3 scrolls of remove curse
 j - 2 scrolls of enchant armour
 l - 2 scrolls of teleportation
 n - 4 scrolls of immolation
 x - a scroll of fear {unknown}
 y - 2 scrolls of fog {unknown}
 z - a scroll of magic mapping
 C - a scroll of blinking {unknown}
 E - a scroll of noise {unknown}
 K - a scroll of identify
Potions
 a - 3 potions of heal wounds
 f - 3 potions of lignification
 h - a potion of ambrosia {unknown}
 m - 2 potions of brilliance {unknown}
 r - a potion of degeneration {unknown}
 v - 3 potions of curing {unknown}
 B - a potion of berserk rage {unknown}
 F - a potion of flight {unknown}
 G - a potion of resistance
 J - a potion of agility
Comestibles
 c - 10 rations


   Skills:
 + Level 8.2 Dodging
 - Level 1.7 Stealth
 - Level 4.1 Shields
 - Level 3.0 Spellcasting
 + Level 9.9 Conjurations
 + Level 6.4 Transmutations
 - Level 7.1 Earth Magic


You had 10 spell levels left.
You knew the following spells:

 Your Spells              Type           Power        Failure   Level  Hunger
a - Sandblast             Erth           ####..       1%          1    None
b - Stone Arrow           Conj/Erth      ####..       1%          3    ###....
c - Passwall              Tmut/Erth      ####....     1%          2    ##.....

Your spell library contained the following spells:

 Spells                   Type           Power        Failure   Level  Hunger
 Petrify                  Tmut/Erth      ####....     10%         4    ####...
 Lee's Rapid Deconstruct  Erth           ####......   24%         5    ######.


Dungeon Overview and Level Annotations

Branches:
Dungeon (10/15)            Temple (1/1) D:5            Lair (0/6) D:9
    Orc: D:9-12

Altars:
Ashenzari
Cheibriados
Dithmenos
Elyvilon
Fedhas
Gozag
Hepliaklqana
Kikubaaqudgha
Makhleb
Nemelex Xobeh
Okawaru
Qazlal
Ru
Trog
Uskayaw
Vehumet
Wu Jian
Xom
Yredelemnul
Zin
The Shining One

Shops:
D:4 [   D:6 [   D:10 (

Annotations:
D:4 2 transporters, Nebesus's ghost, novice MiFi
D:8 Gastronok


Innate Abilities, Weirdness & Mutations

You can breathe wild blasts of lightning.
Your glossy black scales are hard. (AC +7)
You cannot fit into any form of body armour.
You are resistant to electric shocks. (rElec)
You are cold-blooded and may be slowed by cold attacks.


Message History

Aim: a gargoyle, wielding a +0 mace (heavily damaged)
The blast of sand hits the gargoyle but does no damage.
The gargoyle is heavily damaged.
b - 69 stones The gargoyle hits you with a +0 mace!
* * * LOW HITPOINT WARNING * * *
Casting: Sandblast (safe; 1% risk of failure)
Confirm with . or Enter, or press ? or * to list all spells.
Aiming: Sandblast (safe; 1% risk of failure)
Press: ? - help, Shift-Dir - straight line, f/p - gargoyle
Aim: a gargoyle, wielding a +0 mace (moderately damaged)
The blast of sand hits the gargoyle.
The gargoyle is heavily damaged.
b - 68 stones The gargoyle hits you with a +0 mace.
* * * LOW HITPOINT WARNING * * *
You breathe a wild blast of lightning!
The zap misses you.
You hear a mighty clap of thunder!
The bolt of lightning misses you. The zap hits you. You resist.
You die...

... ###..##
###... ...
#....# ##.....
..# ..
##.##.##
#..#>.. ..##
#. #..##..#
#.##### #.
#.####.#####.#
.##.#
#...##..#
.9#.#
###.##o##
#.#.# #.#..#
#F#@# #Y#.##
#.#9# #Y#.#
#...# #.#.#
##### #...#
#####


You could see a gargoyle.

Vanquished Creatures
  A two-headed ogre (D:8)
  An unseen horror (D:6)
  Pikel (D:8)
  A kobold demonologist (D:9)
  2 trolls (D:9)
  A hippogriff (D:9)
  A hornet (D:8)
  Sigmund (D:5)
  7 yaks
  A hungry ghost (D:10)
  A steam dragon (D:10)
  Menkaure (D:5)
  A water moccasin (D:8)
  2 orc warriors
  5 phantoms
  A necrophage (D:9)
  5 wolves (D:9)
  4 ogres
  A big kobold (D:9)
  7 bullfrogs
  4 scorpions
  3 killer bees (D:9)
  4 wights (D:10)
  3 electric eels (D:9)
  5 howler monkeys
  5 crimson imps
  A jelly (D:5)
  6 hounds
  Crazy Yiuf (D:5)
  A quasit (D:9)
  An orc priest (D:5)
  10 orc wizards
  A bullfrog skeleton (D:7)
  A centaur skeleton (D:7)
  2 gnoll shamans
  2 iguanas
  Ijyb (D:3)
  10 worker ants
  A hound zombie (D:5)
  A hound skeleton (D:7)
  A worker ant zombie (D:5)
  12 adders
  9 gnolls
  2 oozes
  2 adder skeletons
  6 leopard geckos
  25 orcs
  7 bats
  5 giant cockroaches
  15 goblins
  7 hobgoblins
  11 jackals
  9 kobolds
  8 quokkas
  A ball python (D:3)
  5 frilled lizards
  A jackal skeleton (D:6)
  3 leopard gecko skeletons
  A quokka skeleton (D:7)
  A quokka zombie (D:8)
  6 rats
245 creatures vanquished.

Vanquished Creatures (collateral kills)
  A yak (D:5)
  An orc wizard (D:5)
  2 gnolls (D:5)
  An orc (D:5)
  A jackal skeleton (D:7)
6 creatures vanquished.

Vanquished Creatures (others)
  A bullfrog (D:8)
  2 gnolls (D:7)
  A kobold (D:9)
4 creatures vanquished.

Grand Total: 255 creatures vanquished

Notes
Turn   | Place    | Note
-------+----------+-------------------------------------------
     0 | D:1      | Mesmaeker13 the Draconian Earth Elementalist began the
                  | quest for the Orb.
     0 | D:1      | Reached XP level 1. HP: 14/14 MP: 3/3
   381 | D:1      | Reached XP level 2. HP: 20/20 MP: 3/5
  1197 | D:2      | Reached XP level 3. HP: 21/26 MP: 6/6
  1796 | D:2      | Reached XP level 4. HP: 33/33 MP: 8/8
  2296 | D:3      | Learned a level 3 spell: Stone Arrow
  2812 | D:3      | Reached skill level 1 in Conjurations
  2929 | D:3      | Reached XP level 5. HP: 33/38 MP: 9/9
  3014 | D:3      | Found a shattered altar of Ashenzari.
  3018 | D:3      | Saw a vision of the Shoals and the Snake Pit.
  3018 | D:3      | Noticed a naga
  3018 | D:3      | Noticed a black mamba
  3018 | D:3      | Noticed a merfolk
  3018 | D:3      | Noticed a black mamba
  3018 | D:3      | Noticed a merfolk
  3018 | D:3      | Noticed a hippogriff
  3018 | D:3      | Noticed a merfolk
  3018 | D:3      | Noticed a sea snake
  3018 | D:3      | Noticed a naga mage
  3018 | D:3      | Noticed a hippogriff
  3018 | D:3      | Noticed a merfolk
  3018 | D:3      | Noticed a naga
  3018 | D:3      | Noticed a hippogriff
  3018 | D:3      | Noticed a guardian serpent
  3019 | D:3      | Noticed a centaur
  3020 | D:3      | Noticed a sea snake
  3224 | D:3      | Noticed Ijyb
  3240 | D:3      | Paralysed by Ijyb for 3 turns
  3250 | D:3      | Paralysed by Ijyb for 4 turns
  3258 | D:3      | Killed Ijyb
  3700 | D:4      | Reached skill level 2 in Conjurations
  3964 | D:4      | Found Vuym's Armour Shoppe.
  3978 | D:4      | Bought a +0 buckler for 54 gold pieces
  4030 | D:4      | Noticed an ogre
  4035 | D:4      | Killed an ogre
  4035 | D:4      | Reached skill level 1 in Shields
  4035 | D:4      | Reached XP level 6. HP: 45/45 MP: 3/10
  4418 | D:4      | Found a transporter.
  4457 | D:4      | Noticed Nebesus's ghost (novice MiFi)
  4590 | D:4      | Found a shimmering altar of Xom.
  4767 | D:4      | Found a transporter.
  4924 | D:5      | Entered Level 5 of the Dungeon
  4925 | D:5      | Noticed Menkaure
  4938 | D:5      | Found a stormy altar of Qazlal.
  4949 | D:4      | Reached skill level 3 in Conjurations
  4949 | D:4      | Reached skill level 5 in Earth Magic
  5270 | D:5      | Killed Menkaure
  5270 | D:5      | Your scales start taking on a glossy black colour.
  5270 | D:5      | Reached XP level 7. HP: 33/50 MP: 1/11
  5270 | D:5      | Gained mutation: You are resistant to electric shocks.
                  | (rElec) [Black Draconian growth]
  5482 | D:5      | Noticed Sigmund
  5713 | D:5      | Killed Sigmund
  5713 | D:5      | Reached skill level 4 in Conjurations
  6267 | D:5      | Reached skill level 5 in Earth Magic
  6346 | D:5      | Found a staircase to the Ecumenical Temple.
  6360 | Temple   | Entered the Ecumenical Temple
  6544 | D:5      | Found a runed translucent door.
  6545 | D:5      | Got a shimmering mace
  6546 | D:5      | Identified the cursed +1 mace "Hiyc" {flame, rN+ Str+2
                  | SInv} (You found it on level 5 of the Dungeon)
  6557 | D:5      | Noticed Crazy Yiuf
  6562 | D:5      | Killed Crazy Yiuf
  6562 | D:5      | Reached XP level 8. HP: 57/57 MP: 9/12
  6965 | D:5      | Reached skill level 5 in Conjurations
  7559 | D:5      | Reached skill level 6 in Conjurations
  7747 | D:6      | Found an opulent altar of Gozag.
  7925 | D:6      | Noticed an unseen horror
  7941 | D:6      | Killed an unseen horror
  7941 | D:6      | Reached XP level 9. HP: 50/62 MP: 13/13
  8029 | D:6      | Found an ancient bone altar of Kikubaaqudgha.
  8065 | D:6      | Reached skill level 5 in Dodging
  8065 | D:6      | Reached skill level 7 in Conjurations
  8069 | D:6      | Learned a level 2 spell: Passwall
  8088 | D:6      | Found Maepot's Armour Emporium.
  8142 | D:6      | Found a hazy altar of Hepliaklqana.
  9492 | D:8      | Noticed a two-headed ogre
  9602 | D:8      | Reached skill level 8 in Conjurations
 10174 | D:8      | Reached XP level 10. HP: 67/69 MP: 14/14
 10230 | D:8      | Killed a two-headed ogre
 10345 | D:8      | Noticed Pikel
 10379 | D:8      | Killed Pikel
 10580 | D:8      | Noticed Gastronok
 10927 | D:9      | Reached skill level 9 in Conjurations
 11215 | D:9      | Reached skill level 5 in Transmutations
 11649 | D:9      | Found a staircase to the Lair.
 11658 | D:9      | Noticed a smoke demon
 12219 | D:10     | Entered Level 10 of the Dungeon
 12370 | D:10     | Found Hyomudd's Weapon Emporium.
 12450 | D:9      | Reached XP level 11. HP: 23/74 MP: 1/15
 13220 | D:10     | HP: 1/73 [gargoyle/+0 mace (6)]
 13221 | D:10     | Killed themself with a bounced zap

Levels and vault maps discovered:
D:1:      sevenhm_arrival_forest_fort_small_3, layout_loops_corners
D:2:      layout_loops_corners, st_stairs_4, minmay_box_of_dots
D:3:      kennysheep_the_goblin_king, layout_basic, hangedman_decor_opposing,
          grunt_ashenzari_visionary [grunt_ashenzari_visionary_shoals,
          grunt_ashenzari_visionary_snake]
D:4:      layout_rooms, nicolae_overflow_crystal_walls, serial_shops,
          nicolae_shop_competitors_out_of_business, gammafunk_ghost_stat_death,
          serial_corexii_hall, chequers_hall_statues_corner_a,
          corexii_hall_statues_i, chequers_hall_statues_y,
          corexii_hall_statues_l, corexii_hall_statues_l,
          chequers_hall_statues_y
D:5:      layout_cave_pools, minmay_temple_entry_statues_pillars, basic_altar,
          first_ration, hex_tiny, uniq_menkaure, uniq_crazy_yiuf_cottage,
          uniq_sigmund
D:6:      layout_cave_pools, nicolae_gozag_seed_capital, kennysheep_little_box,
          basic_altar, serial_shops, shop
D:7:      layout_gridville
D:8:      layout_basic, lemuel_blue_sif_altar, serial_shops,
          kennysheep_mini_moat, hangedman_pestilent_swarm, kennysheep_nub,
          uniq_pikel, uniq_gastronok
D:9:      layout_roguey, erik_lair_island
D:10:     layout_rooms, minmay_orc_entry_guard_dogs, serial_shops, shop,
          nicolae_shop_behind_doors, nicolae_shop_crystal, kennysheep_mini,
          special_room [special_room_kobold]
Temple:   regret_index_temple_mists

Skill      XL: |  1  2  3  4  5  6  7  8  9 10 11 |
---------------+----------------------------------+-----
Dodging        | 2 3 4 6 7 8 |  8.2
Spellcasting   | 3 |  3.0
Conjurations   | 1 2 3 4 6 8 9 |  9.9
Earth Magic    | 4 4 5 6 7 |  7.1
Shields        | 1 2 3 4 |  4.1
Transmutations | 3 6 |  6.4
Stealth        | |  1.7

Action                   |  1- 3 |  4- 6 |  7- 9 | 10-12 || total
-------------------------+-------+-------+-------+-------++-------
Melee: Unarmed           |    11 |       |       |       ||    11
       Spear             |    76 |    85 |       |       ||   161
       Tailslap          |     4 |    12 |    37 |    10 ||    63
       Dagger            |       |    84 |    39 |       ||   123
       Mace              |       |       |   239 |   100 ||   339
 Cast: Sandblast         |    20 |    29 |    81 |    63 ||   193
       Stone Arrow       |       |    11 |    64 |    77 ||   152
 Abil: Breathe Lightning |       |       |     7 |     3 ||    10
Evoke: Wand              |       |     2 |    11 |    28 ||    41
  Use: Scroll            |       |     5 |     4 |     1 ||    10
       Potion            |       |       |     1 |       ||     1
 Stab: Sleeping          |     6 |     4 |     1 |       ||    11
       Paralysed         |       |       |     3 |     8 ||    11
  Eat: Chunk             |     3 |    12 |    18 |    10 ||    43
       Ration            |       |       |     2 |     2 ||     4
Armor: Skin              |    25 |    45 |   111 |    66 ||   247
Dodge: Dodged            |    50 |   110 |   329 |   193 ||   682
Block: Buckler           |       |       |    84 |    52 ||   136
